Map: Orbital Shipyard

Players

Miszu - Winner!

  • Race: Terran Terran
  • League: Diamond

maynard

  • Race: Protoss Protoss
  • League: Master

VOD

Have the link to the VOD?

Description

Time

  • Played on: March 25, 2016, 7:09 p.m.
  • Length: 8:04
Show
View Real Time Build Order
Export as new Build Order

Miszu Terran - Winner!

Build Orders: Command Center First (CC), MMM Bio 

Get SALT Encoding   

  12  0:04  SCV  
  13  0:16  SCV  
  14  0:22  Supply Depot  
  14  0:28  SCV  
  15  0:44  SCV  
  16  0:56  SCV  
  17  1:02  Command Center  
  17  1:08  SCV  
  18  1:20  SCV  
  18  1:21  Barracks  
  19  1:32  SCV  
  20  1:34  Barracks  
  20  1:44  SCV  
  20  1:46  Barracks  
  21  1:56  SCV  
  22  2:10  Marine, Orbital Command  
  23  2:19  Orbital Command  
  23  2:20  Marine  
  24  2:28  Marine  
  25  2:33  Marine, Barracks  
  26  2:39  Barracks  
  26  2:41  Marine  
  27  2:46  SCV  
  27  2:47  Marine  
  29  2:52  SCV  
  29  2:53  Marine  
  31  2:59  Marine  
  31  3:05  Marine  
  32  3:11  Marine  
  32  3:12  Supply Depot  
  34  3:13  Refinery x2  
  34  3:17  Marine  
  35  3:23  Marine  
  35  3:24  SCV  
  35  3:27  Marine  
  35  3:29  Marine x2  
  38  3:35  Marine  
  38  3:41  Marine  
  39  3:43  Engineering Bay, SCV  
  39  3:45  Marine  
  39  3:46  Marine  
  41  3:55  Marine  
  41  3:56  Marine  
  41  3:59  Marine  
  42  4:03  Marine  
  40  4:10  Barracks Tech Lab  
  40  4:11  SCV  
  40  4:12  SCV  
  40  4:13  Marine  
  40  4:14  Marine  
  44  4:22  Missile Turret  
  44  4:23  Marine, SCV  
  46  4:24  SCV  
  46  4:41  Supply Depot  
  46  4:43  Stimpack  
  46  4:53  Missile Turret  
  46  4:59  Factory  
  46  5:02  Marine, SCV x2  
  47  5:14  Marine x2, SCV x2  
  50  5:26  SCV x2  
  54  5:32  Terran Infantry Weapons Level 1  
  54  5:36  Supply Depot, Refinery  
  54  5:38  Barracks Reactor  
  54  5:39  SCV x2  
  54  5:45  Starport  
  54  5:53  Factory Reactor  
  54  5:57  SCV x2  
  54  5:58  Supply Depot  
  54  6:04  Marine x3  
  57  6:06  Marine  
  57  6:09  SCV x2  
  62  6:19  Marine x2  
  62  6:21  Supply Depot, Marine x2  
  62  6:22  SCV x2  
  68  6:26  Supply Depot  
  68  6:33  Marine  
  68  6:34  SCV  
  70  6:40  Supply Depot  
  70  6:43  Marine x3, Medivac x2  
  70  6:45  Combat Shields  
  78  6:47  SCV x2  
  78  6:49  Marauder  
  81  6:59  SCV x2  
  83  7:04  Supply Depot  
  83  7:10  Marauder  
  83  7:11  SCV x2  
  87  7:18  Barracks Reactor  
  87  7:19  Refinery  
  87  7:23  Command Center, SCV  
  87  7:26  SCV  
  87  7:28  Marine  
  87  7:29  Marine  
  91  7:31  Marauder  
  91  7:34  Marine  
  91  7:36  SCV  
  94  7:38  Marine  
Show
View Real Time Build Order
Export as new Build Order

maynard Protoss 

Build Orders: Oracle Opening 

Get SALT Encoding   

  12  0:01  Probe (Chrono Boost)  
  13  0:12  Probe (Chrono Boost)  
  14  0:19  Pylon  
  14  0:22  Probe (Chrono Boost)  
  15  0:37  Gateway  
  15  0:40  Probe (Chrono Boost)  
  16  0:45  Assimilator  
  16  0:50  Probe (Chrono Boost)  
  16  0:53  Assimilator  
  17  1:01  Probe (Chrono Boost)  
  18  1:13  Probe (Chrono Boost)  
  18  1:15  Pylon  
  19  1:23  Probe (Chrono Boost)  
  20  1:26  Cybernetics Core  
  20  1:34  Probe (Chrono Boost)  
  21  1:45  Probe (Chrono Boost)  
  22  1:55  Probe (Chrono Boost)  
  23  2:02  Stargate  
  23  2:05  Adept (Chrono Boost)  
  25  2:09  Mothership Core  
  27  2:29  Adept (Chrono Boost)  
  29  2:30  Warp Gate (Chrono Boost)  
  29  2:35  Pylon  
  29  2:36  Probe  
  30  2:53  Oracle (Chrono Boost)  
  33  3:00  Pylon  
  33  3:24  Oracle (Chrono Boost)  
  33  3:26  Probe  
  37  3:33  Pylon  
  35  3:44  Probe (Chrono Boost)  
  36  3:51  Pylon  
  36  3:53  Nexus  
  36  3:56  Probe (Chrono Boost)  
  37  4:06  Probe (Chrono Boost)  
  38  4:17  Probe (Chrono Boost)  
  39  4:27  Forge  
  39  4:28  Robotics Facility, Probe  
  40  4:31  Gateway  
  40  4:32  Gateway  
  38  4:40  Probe  
  39  4:52  Probe  
  40  4:55  Pylon  
  40  5:01  Protoss Ground Weapons Level 1  
  40  5:04  Probe  
  40  5:06  Probe  
  41  5:11  Adept  
  44  5:16  Probe  
  44  5:18  Probe  
  46  5:21  Warp Prism (Chrono Boost)  
  48  5:28  Probe x2  
  50  5:36  Assimilator  
  50  5:41  Nexus  
  50  5:46  Probe  
  50  5:48  Pylon  
  51  5:51  Sentry x2  
  56  5:57  Observer (Chrono Boost)  
  56  6:01  Probe  
  56  6:03  Probe  
  57  6:08  Pylon  
  57  6:09  Assimilator  
  58  6:13  Robotics Bay  
  58  6:15  Probe  
  58  6:18  Observer (Chrono Boost)  
  60  6:22  Pylon  
  61  6:27  Probe  
  61  6:28  Adept x3  
  67  6:36  Observer (Chrono Boost)  
  68  6:41  Probe  
  68  6:42  Pylon  
  68  6:46  Probe  
  68  6:47  Twilight Council  
  69  6:50  Pylon  
  69  6:53  Probe  
  71  6:55  Pylon  
  71  6:56  Adept x2  
  71  6:58  Adept  
  77  7:08  Probe  
  77  7:09  Probe  
  79  7:16  Gateway  
  79  7:17  Gateway  
  79  7:20  Adept x2  
  83  7:28  Immortal (Chrono Boost)  
  87  7:39  Adept  
  87  7:49  Adept  
  87  7:50  Adept  
Tags
 
Add a new tag
Caveats
  • Supply blocks, unpowered buildings, or Contaminate may cause inaccurate times.
  • Supply counts are checked every 10 seconds.